 Dungeon Crawl Stone Soup version 0.21.1-1-g345015f (webtiles) character file.

26249 inc the Nimble (level 12, -2/46 HPs)
             Began as a Felid Chaos Knight on Feb 22, 2018.
             Shot with a bolt by an orc knight (32 damage)
             ... on level 2 of the Orcish Mines on Feb 23, 2018.
             The game lasted 01:46:59 (30198 turns).

inc the Nimble (Felid Chaos Knight)                Turns: 30198, Time: 01:47:02

Health: -2/46      AC:  8    Str: 12    XL:     12   Next: 96%
Magic:  19/19      EV: 34    Int: 22    God:    Xom [....*.]
Gold:   3581       SH:  4    Dex: 21    Spells: 10/20 levels left
                                        Lives:  0   Deaths: 4

rFire    + + .     SeeInvis +     - Unarmed
rCold    + . .     Gourm    .   (shield unavailable)
rNeg     . . .     Faith    .   (armour unavailable)
rPois    .         Spirit   .   (helmet unavailable)
rElec    +         Reflect  .   (cloak unavailable)
rCorr    .         Harm     .   (gloves unavailable)
MR       ++...     Clarity  +   (boots unavailable)
Stlth    +++++.....             P - amulet of magic regeneration
HPRegen  0.15/turn              I - +3 ring of protection
MPRegen  0.41/turn              w - +5 ring of dexterity

@: blade paws, quick
A: very small, no armour, no weapons or thrown items, stealth, claws 1, fangs 3,
horns 1, repulsion field 1, iridescent scales 1, large bone plates 1, see
invisible, blink, carnivore, clarity, clever 2, fire resistance 2, speed 1,
frail 2, magic resistance 1, shaggy fur 3, electricity resistance, slow
metabolism 1, strong 2, evolution 1
a: End Transformation, Blink, Renounce Religion


You were on level 2 of the Orcish Mines.
You worshipped Xom.
You were a beloved toy of Xom.
You were not hungry.
You had blades for front paws.
You visited 3 branches of the dungeon, and saw 21 of its levels.
You also visited: Labyrinth and Volcano.

You collected 3581 gold pieces.

Inventory:

Jewellery
 p - an uncursed ring of ice
 r - an uncursed ring of poison resistance
 u - the amulet of Coemas {Harm *Drain +Blink Dex+5}
   (You found it in a labyrinth)

   [amulet of harm]

   It increases damage dealt and taken.
   It affects your dexterity (+5).
   It lets you blink.
   It causes draining when unequipped.
 w - a +5 ring of dexterity (right scythe-like blade)
 B - an uncursed ring of positive energy
 G - the ring of Kaellu {*Tele rF+}
   (You found it on level 9 of the Dungeon)

   [ring of teleportation]

   It may teleport you next to monsters.
   It protects you from fire.
 I - a +3 ring of protection (left scythe-like blade)
 P - an amulet of magic regeneration (around neck)
 S - an uncursed ring of stealth
 T - an uncursed ring of protection from fire
Wands
 d - a wand of flame (49)
 g - a wand of disintegration (9)
 s - a wand of acid (6)
 y - a wand of iceblast (14)
 R - a wand of digging (9)
 X - a wand of polymorph (34)
Scrolls
 c - 3 scrolls of random uselessness {unknown}
 i - 2 scrolls of fog {unknown}
 j - 4 scrolls of enchant weapon {unknown}
 k - 2 scrolls of amnesia {unknown}
 l - 12 scrolls of remove curse
 n - a scroll of magic mapping {unknown}
 q - 2 scrolls of teleportation
 D - 4 scrolls of fear {unknown}
 H - a scroll of silence {unknown}
 J - 2 scrolls of brand weapon {unknown}
 M - 4 scrolls of blinking {unknown}
 N - a scroll of vulnerability {unknown}
 O - 3 scrolls of noise {unknown}
 Q - 3 scrolls of immolation {unknown}
 V - 8 scrolls of identify
Potions
 b - 6 potions of flight
 e - 2 potions of mutation
 f - 4 potions of brilliance
 h - 4 potions of resistance
 t - a potion of invisibility
 v - 4 potions of might
 A - 5 potions of cancellation
 E - a potion of magic
 W - a potion of berserk rage
 Z - a potion of haste {unknown}
Books
 m - Sif Muna's Disquisition on the Compass
   (You found it on level 2 of the Dungeon)

   Spells                             Type                      Level
   a - Apportation                    Translocation                1
 x - Qocaem's Volume of Dislocated Transmutation
   (You found it on level 6 of the Dungeon)

   Spells                             Type                      Level
   a - Passage of Golubria            Translocation                4
   b - Petrify                        Transmutation/Earth          4
   c - Yara's Violent Unravelling     Hexes/Transmutation          5
   d - Blade Hands                    Transmutation                5
 z - a book of Cantrips

   Spells                             Type                      Level
   a - Confusing Touch                Hexes                        1
   b - Animate Skeleton               Necromancy                   1
   c - Summon Small Mammal            Summoning                    1
   d - Apportation                    Translocation                1
Miscellaneous
 o - a phial of floods
 U - a crystal ball of energy
Comestibles
 a - 39 rations


   Skills:
 + Level 10.5 Fighting
 - Level 14.4 Dodging
 - Level 14.3 Stealth
 - Level 11.4 Unarmed Combat
 - Level 4.5 Spellcasting
 - Level 9.5 Hexes
 - Level 8.4 Translocations
 - Level 10.8 Transmutations


You had 10 spell levels left.
You knew the following spells:

 Your Spells              Type           Power        Failure   Level  Hunger
a - Confusing Touch       Hex            #####.       9%          1    None
b - Blade Hands           Tmut           ######....   26%         5    ######.
c - Passage of Golubria   Tloc           N/A          26%         4    ####...


Dungeon Overview and Level Annotations

Branches:
Dungeon (14/15)            Temple (0/1) D:4            Lair (5/6) D:9
 Shoals (0/4) Lair:4       Spider (0/4) Lair:3          Orc (2/2) D:11
    Elf (0/3) Orc:2        Vaults (0/5) D:13
  Slime: Lair:5-6

Altars:
Cheibriados
Gozag
Hepliaklqana
Kikubaaqudgha
Nemelex Xobeh
Okawaru
Sif Muna
Trog
Uskayaw
Vehumet
Wu Jian
Xom
The Shining One
Beogh

Shops:
D:10 *   Orc:2 %*

Portals:
Trove: D:12 (give 8 potions of haste)

Annotations:
D:5 2 transporters


Innate Abilities, Weirdness & Mutations

You cannot wear armour.
You are incapable of wielding weapons or throwing items.
Your paws allow you to move quietly. (Stealth)
You have sharp claws.
You have razor-sharp teeth.
You have supernaturally acute eyesight. (SInv)
You are carnivorous and can eat meat at any time.
You cover ground quickly.
Your thick and shaggy fur keeps you warm. (AC +3, rC+)
You have a slow metabolism.
((Your sharp claws are effective at attacking unaware monsters.))
You have a pair of small horns on your head.
You are surrounded by a mild repulsion field. (EV +2)
You are partially covered in iridescent scales. (AC +2)
You are partially covered in large bone plates. (SH +4)
You can translocate small distances at will.
You possess an exceptional clarity of mind.
Your mind is very acute. (Int +4)
Your flesh is very heat resistant. (rF++)
You are very frail. (-20% HP)
You are resistant to hostile enchantments. (MR+)
You are resistant to electric shocks. (rElec)
Your muscles are very strong. (Str +4)
You evolve.


Message History

The orc warrior shouts! x2; You hear a shout!
The orc warrior completely misses you.
The orc knight shoots a bolt.
The bolt completely misses you.
You see here a bolt.
You hit the orc warrior but do no damage.
You headbutt the orc warrior, but do no damage.
You slash the orc warrior!
The orc warrior is severely wounded.
The orc warrior hits you with a broad axe!
The orc warrior completely misses you.
The orc knight roars a battlecry!
The orcs go into a battle-frenzy!
You hear a shout!
You barely miss the orc warrior.
The orc warrior is severely wounded.
The orc warrior completely misses you.
The orc knight shoots a bolt.
The bolt hits you!!
Ouch! That really hurt!
You die...
Xom snickers!

.######...##*#...##.)...##,,,*#..
..# #.....# *#...#.....#.,, #...
..# ##.#..## *#...........# ##..
.## ##....#####.........######.
## #....(.8.............8..#. .#
##..............o......... ##
###..........._....o..o... ###
##.....)...o............... #.##
#.....(.8.@...o....o..8..o# ..<#
#...)[#####o...o....####### ..##
#..()..# *,......... * ###
##.....)#* ,.#.....# ,** #
##....#)##,,,##.....**, ,** ##
##....#..#,,, **,.... **,, *
.###.#.##...#∩, ###8...8****,∩*
..#....###..####..#.,...* ****
(.##.(...##.#......., ,,,,,,,,


You could see an orc knight, 2 orc warriors, an orc priest and an orc wizard.

Vanquished Creatures
  An orc warlord (Orc:2)
  Snorg (Lair:3)
  A minotaur (Lab)
  3 vault guards (D:13)
  7 hydras
  7 two-headed ogres
  Erica (D:10)
  An orc high priest (Orc:2)
  Nergalle (Orc:2)
  2 unseen horrors
  2 deep elf magi
  2 orc knights (Orc:2)
  5 cyclopes
  4 orc sorcerers
  A merfolk siren (Lair:4)
  A guardian serpent (shapeshifter) (D:13)
  4 black mambas
  Psyche (D:8)
  2 gargoyles
  Maurice (D:8)
  8 spiny frogs
  2 torpor snails (Lair:3)
  3 komodo dragons
  2 rime drakes
  4 trolls
  A queen bee (Lair:5)
  A meliai (Lair:5)
  3 polar bears (Lair:3)
  4 blink frogs (Lair:3)
  A snapping turtle (D:11)
  A meliai zombie (D:14)
  A slime creature (D:13)
  9 hippogriffs
  3 wyverns
  A hungry ghost (D:8)
  39 yaks
  5 basilisks
  A hog (shapeshifter) (D:13)
  3 wargs
  A soldier ant (D:13)
  A naga (Lair:3)
  9 water moccasins
  9 porcupines
  An eye of draining (D:4)
  29 orc warriors
  A sky beast (D:10)
  4 black bears
  3 ice beasts (D:9)
  A necrophage (D:8)
  10 ogres
  7 wolves
  8 crocodiles
  2 centaurs
  4 big kobolds
  15 bullfrogs
  A wyvern skeleton (D:10)
  3 scorpions
  35 killer bees
  3 howler monkeys
  An electric eel (D:12)
  4 crimson imps
  4 hounds
  13 orc priests
  2 bullfrog skeletons
  4 jellies
  4 centaur skeletons
  5 iguanas
  14 worker ants
  23 orc wizards
  A worker ant zombie (D:11)
  A howler monkey zombie (D:8)
  18 adders
  5 river rats
  2 oozes
  An adder skeleton (D:4)
  8 worms
  A dart slug (D:2)
  5 leopard geckos
  78 orcs
  A ball python (D:4)
  5 giant cockroaches
  4 goblins
  7 hobgoblins
  10 jackals
  14 kobolds
  3 quokkas
  4 bats
  5 frilled lizards
  9 rats
543 creatures vanquished.

Vanquished Creatures (collateral kills)
  An orc knight (Orc:2)
  A troll (Orc:2)
  2 blink frogs (Lair:3)
  4 yaks (D:10)
  Grum (D:10)
  A warg (Orc:2)
  3 orc warriors
  A phantom (D:6)
  2 ogres
  2 wolves (D:10)
  A bullfrog (D:10)
  A scorpion (D:6)
  2 killer bees (D:10)
  A crimson imp (D:6)
  3 orc wizards
  An orc priest (D:6)
  An adder (D:3)
  2 river rats (D:3)
  A worm (D:3)
  7 orcs
  A jackal (shapeshifter) (Orc:2)
  3 jackals (D:2)
  A bat (D:2)
  A quokka skeleton (D:5)
44 creatures vanquished.

Vanquished Creatures (others)
  A dancing weapon (D:10)
  A yak (D:11)
  2 fungi
  A plant (Lair:1)
5 creatures vanquished.

Grand Total: 592 creatures vanquished

Notes
Turn   | Place    | Note
-------+----------+-------------------------------------------
     0 | D:1      | inc the Felid Chaos Knight began the quest for the Orb.
     0 | D:1      | Reached XP level 1. HP: 10/10 MP: 2/2
   202 | D:1      | XOM: potion effect (brilliance)
   214 | D:1      | Reached XP level 2. HP: 11/14 MP: 3/3
   311 | D:1      | XOM: silly message
   979 | D:2      | XOM: cast spell 'Summon Ice Beast'
  1007 | D:2      | Reached XP level 3. HP: 14/17 MP: 4/4
  1017 | D:2      | Found a deep blue altar of Sif Muna.
  1017 | D:2      | Found an ancient bone altar of Kikubaaqudgha.
  1019 | D:2      | Found a radiant altar of Vehumet.
  1023 | D:2      | Identified Sif Muna's Disquisition on the Compass
  1156 | D:2      | XOM: harmless Tmut miscast
  1314 | D:2      | XOM: silly message
  1558 | D:2      | XOM: harmless Chrm miscast
  1685 | D:2      | Reached XP level 4. HP: 11/21 MP: 5/5
  2000 | D:3      | XOM: harmless Chrm miscast
  2092 | D:3      | Reached skill level 5 in Unarmed Combat
  2352 | D:3      | XOM: harmless Conj miscast
  2356 | D:3      | Noticed an ogre
  2358 | D:3      | XOM: harmless Pois miscast
  2365 | D:3      | Killed an ogre
  2365 | D:3      | Reached XP level 5. HP: 21/24 MP: 6/6
  2375 | D:3      | Found an opulent altar of Gozag.
  2379 | D:3      | Found a shimmering altar of Xom.
  2382 | D:3      | Found an ornate altar of the Wu Jian Council.
  2383 | D:3      | Found a glowing golden altar of the Shining One.
  2383 | D:3      | Found a hide-covered altar of Uskayaw.
  2383 | D:3      | Found a hazy altar of Hepliaklqana.
  2385 | D:3      | Found a sparkling altar of Nemelex Xobeh.
  2463 | D:3      | XOM: polymorph ooze -> adder
  2499 | D:3      | XOM: god gift: 44 gold pieces
  2684 | D:3      | XOM: scenery: create altars
  2685 | D:3      | XOM: summons friendly ufetubus
  2693 | D:3      | XOM: confuse monster(s)
  2694 | D:3      | Gained mutation: You are covered in thick fur. (AC +2) [Felid growth]
  2694 | D:3      | Reached XP level 6. HP: 17/28 MP: 7/7
  2702 | D:3      | Reached skill level 5 in Dodging
  2737 | D:3      | XOM: enchant monster (good)
  2797 | D:3      | XOM: summons 3 friendly demons
  3434 | D:3      | Found a sparkling altar of Nemelex Xobeh.
  3594 | D:4      | XOM: 2-stop teleportation journey
  3728 | D:4      | Reached XP level 7. HP: 31/31 MP: 0/8
  3781 | D:4      | Found a staircase to the Ecumenical Temple.
  3863 | D:4      | XOM: give mutations
  3863 | D:4      | Gained mutation: Your mind is acute. (Int +2) [Xom's grace]
  3863 | D:4      | Gained mutation: Your mind is very acute. (Int +4) [Xom's grace]
  3863 | D:4      | Gained mutation: Your flesh is heat resistant. (rF+) [Xom's grace]
  3863 | D:4      | Gained mutation: You are resistant to electric shocks. (rElec) [Xom's grace]
  3935 | D:4      | XOM: confuse monster(s)
  4081 | D:4      | XOM: god gift: 12 arrows
  4112 | D:4      | Noticed a hippogriff
  4113 | D:4      | XOM: potion effect (invisibility)
  4124 | D:4      | XOM: fog
  4129 | D:4      | Slain by a hippogriff
  4130 | D:4      | Reached XP level 6. HP: -2/28 MP: 7/7
  4147 | D:4      | Killed a hippogriff
  4301 | D:5      | Entered Level 5 of the Dungeon
  4339 | D:5      | XOM: summons 6 friendly demons
  4343 | D:5      | Reached XP level 7. HP: 31/31 MP: 8/8
  4382 | D:5      | Found an iron altar of Okawaru.
  4418 | D:5      | XOM: cast spell 'Discord'
  4422 | D:5      | Found a snail-covered altar of Cheibriados.
  4424 | D:5      | Noticed a steam dragon
  4424 | D:5      | Noticed a centaur warrior
  4430 | D:5      | XOM: smoke on damage
  4433 | D:5      | Found a transporter.
  4441 | D:5      | Found a transporter.
  4946 | D:5      | Reached skill level 1 in Stealth
  5139 | D:6      | XOM: scenery: create altars
  5147 | D:6      | XOM: give mutation
  5147 | D:6      | Gained mutation: You evolve. [Xom's mischief]
  5187 | D:6      | XOM: summons friendly quasit
  5202 | D:6      | XOM: destruction
  5220 | D:6      | XOM: cast spell 'Summon Dragon'
  5380 | D:6      | Identified Qocaem's Volume of Dislocated Transmutation
  5421 | D:6      | Reached skill level 5 in Stealth
  5424 | D:6      | Shot with an arrow by a centaur
  5425 | D:6      | Reached XP level 6. HP: 0/28 MP: 7/7
  5485 | D:6      | Reached XP level 7. HP: 15/31 MP: 8/8
  5586 | D:6      | XOM: cast spell 'Summon Butterflies'
  5736 | D:6      | XOM: god gift: 21 bolts
  5777 | D:6      | XOM: enchant monster (good)
  6048 | D:7      | Learned a level 1 spell: Confusing Touch
  6089 | D:7      | XOM: divination: detect creatures
  6100 | D:7      | Reached skill level 1 in Hexes
  6290 | D:7      | XOM: give mutations
  6290 | D:7      | Gained mutation: You are partially covered in yellow scales. (AC +2) [Xom's grace]
  6290 | D:7      | Gained mutation: Your system is resistant to poisons. (rPois) [Xom's grace]
  6290 | D:7      | Gained mutation: You are resistant to hostile enchantments. (MR+) [Xom's grace]
  6290 | D:7      | Gained mutation: You have a pair of small horns on your head. [Xom's grace]
  6394 | D:7      | XOM: divination: detect items
  6747 | D:8      | Noticed a hungry ghost
  6753 | D:8      | Killed a hungry ghost
  6753 | D:8      | Reached skill level 5 in Fighting
  6753 | D:8      | Reached XP level 8. HP: 37/37 MP: 9/9
  6756 | D:8      | Noticed a two-headed ogre
  6765 | D:8      | Killed a two-headed ogre
  6770 | D:8      | Noticed Maurice
  6773 | D:8      | XOM: confuse monster(s)
  6807 | D:8      | XOM: confuse monster(s)
  6812 | D:8      | Killed Maurice
  6812 | D:8      | Reached XP level 9. HP: 42/42 MP: 10/10
  6836 | D:8      | Noticed Psyche
  6903 | D:8      | XOM: divination: detect creatures
  7007 | D:9      | XOM: enchant monster (bad)
  7050 | D:9      | XOM: potion effect (berserk rage)
  7222 | D:9      | XOM: divination: detect creatures
  7238 | D:9      | XOM: severe Chrm miscast
  7582 | D:9      | Got a faintly glowing bone ring
  7651 | D:9      | Found a staircase to the Lair.
  7881 | D:9      | XOM: smoke on damage
  8081 | D:10     | Entered Level 10 of the Dungeon
  8081 | D:10     | Noticed Erica
  8089 | D:10     | Killed Erica
  8089 | D:10     | Reached skill level 10 in Dodging
  8158 | D:10     | XOM: noise
  8163 | D:10     | XOM: summons friendly white imp
  8167 | D:10     | XOM: summons 4 friendly demons
  8185 | D:10     | Reached XP level 10. HP: 36/48 MP: 11/11
  8186 | D:10     | XOM: enchant monster (good)
  8224 | D:10     | XOM: 7-stop teleportation journey
  8429 | D:10     | XOM: mild Erth miscast
  8455 | D:10     | Noticed a two-headed ogre
  8458 | D:10     | XOM: confuse monster(s)
  8467 | D:10     | Killed a two-headed ogre
  8688 | D:10     | XOM: enchant monster (good)
  8735 | D:10     | XOM: god gift: runed lajatang {god gift}
  8884 | D:10     | XOM: confuse monster(s)
  8887 | D:10     | XOM: fake destruction
  8899 | D:10     | XOM: god gift: glowing platinum amulet {god gift}
  8920 | D:10     | Identified the ring of Kaellu {*Tele rF+} (You found it on level 9 of the Dungeon)
  8929 | D:10     | XOM: god gift: pair of gloves {god gift}
  9032 | D:10     | Noticed a two-headed ogre
  9053 | D:10     | Killed a two-headed ogre
  9057 | D:10     | XOM: give mutations
  9057 | D:10     | Lost mutation: Your system is resistant to poisons. (rPois) [Xom's mischief]
  9057 | D:10     | Gained mutation: You are weak. (Str -2) [Xom's mischief]
  9215 | D:10     | XOM: draining
  9666 | D:10     | Found Ycamathej's General Store.
  9883 | D:10     | XOM: mild Fire miscast
  9925 | D:11     | Noticed a two-headed ogre
  9930 | D:11     | a two-headed ogre changed into a snapping turtle
  9930 | D:11     | XOM: polymorph two-headed ogre -> snapping turtle
  9940 | D:11     | XOM: medium Conj miscast
 10163 | D:10     | XOM: give mutation
 10163 | D:10     | Lost mutation: You are weak. (Str -2) [Xom's mischief]
 10196 | D:10     | XOM: god gift: wand of digging (12)
 10201 | D:11     | Noticed Grum
 10203 | D:10     | XOM: summons 5 friendly demons
 10295 | D:10     | XOM: enchant monster (good)
 10317 | D:10     | Killed Grum
 10323 | D:10     | Found a roughly hewn altar of Beogh.
 10430 | D:10     | XOM: polymorph orc warrior -> jelly
 10434 | D:10     | XOM: cleaving
 10438 | D:10     | XOM: cast spell 'Leda's Liquefaction'
 10449 | D:10     | XOM: cleaving
 10500 | D:10     | XOM: scenery: create altars
 10501 | D:10     | Reached XP level 11. HP: 12/51 MP: 12/12
 10563 | D:10     | XOM: give mutations
 10563 | D:10     | Gained mutation: Your thick and shaggy fur keeps you warm. (AC +3, rC+) [Xom's grace]
 10563 | D:10     | Gained mutation: You are highly resistant to hostile enchantments. (MR++) [Xom's grace]
 10563 | D:10     | Gained mutation: You are partially covered in large bone plates. (SH +4) [Xom's grace]
 10563 | D:10     | Gained mutation: Your flesh is very heat resistant. (rF++) [Xom's grace]
 10684 | D:10     | XOM: noise
 10879 | D:10     | XOM: god gift: long smoking staff {god gift}
 11052 | D:11     | XOM: enchant monster (good)
 11081 | D:11     | XOM: fake destruction
 11140 | D:11     | Gained mutation: You tend to lose your temper in combat. [evolution]
 11158 | D:11     | XOM: give mutation
 11158 | D:11     | Gained mutation: You are partially covered in iridescent scales. (AC +2) [Xom's grace]
 11166 | D:11     | XOM: god gift: 27 gold pieces
 11301 | D:11     | Noticed a two-headed ogre
 11315 | D:11     | Killed a two-headed ogre
 11670 | D:11     | XOM: 10-stop teleportation journey
 11671 | D:11     | You fall through a shaft!
 11723 | D:12     | Noticed an unseen horror
 11729 | D:12     | Killed an unseen horror
 11744 | D:12     | Noticed a seven-headed hydra
 11757 | D:12     | XOM: cast spell 'Summon Dragon'
 11770 | D:12     | XOM: divination: detect items
 12289 | D:13     | Noticed a skeletal warrior
 12294 | D:13     | Noticed a death knight
 12350 | D:13     | Noticed a vault guard
 12350 | D:13     | Noticed a vault guard
 12350 | D:13     | Noticed a vault guard
 12351 | D:13     | Found a gate to the Vaults.
 12351 | D:13     | Noticed a vault guard
 12351 | D:13     | Noticed a vault guard
 12351 | D:13     | Noticed a vault guard
 12352 | D:13     | Noticed a vault guard
 12353 | D:13     | Noticed a vault guard
 12359 | D:13     | XOM: summons friendly shadow imp
 12360 | D:13     | XOM: mild Tmut miscast
 12362 | D:13     | Killed a vault guard
 12372 | D:14     | Noticed a two-headed ogre
 12372 | D:14     | Noticed a centaur warrior
 12383 | D:14     | Found a bloodstained altar of Trog.
 12393 | D:14     | Reached skill level 10 in Stealth
 12542 | D:14     | XOM: harmless Necr miscast
 12653 | D:14     | Noticed a deep elf mage
 12664 | D:14     | Killed a deep elf mage
 12833 | D:13     | XOM: divination: magic mapping
 12849 | D:13     | XOM: potion effect (agility)
 12859 | D:13     | XOM: fog
 12863 | D:13     | XOM: 4-stop teleportation journey
 13079 | D:13     | XOM: butterfly on damage
 13084 | D:13     | Killed a vault guard
 13159 | D:13     | XOM: summons 5 hostile demons
 13381 | D:12     | Killed an eight-headed hydra
 13465 | D:12     | XOM: summons 2 hostile shadow creatures
 13500 | D:12     | XOM: 2-stop teleportation journey
 13642 | D:8      | XOM: polymorph orc warrior -> big kobold
 13860 | D:8      | XOM: harmless Summ miscast
 13919 | D:8      | Mutation became permanent: You are covered in thick fur. (AC +2) [Felid growth]
 13919 | D:8      | Gained mutation: Your thick and shaggy fur keeps you warm. (AC +3, rC+) [Felid growth]
 13919 | D:8      | Reached XP level 12. HP: 33/55 MP: 13/13
 14295 | D:8      | Killed Psyche
 14457 | Lair:1   | Entered Level 1 of the Lair of Beasts
 14469 | D:9      | HP: 2/55 [rime drake/flash freeze (20)]
 14613 | D:9      | XOM: medium Conj miscast
 14884 | Lair:1   | XOM: swap monsters
 14895 | Lair:1   | XOM: give mutations
 14895 | Lair:1   | Lost mutation: Your mind is very acute. (Int +4) [Xom's mischief]
 14895 | Lair:1   | Gained mutation: You are frail. (-10% HP) [Xom's mischief]
 14901 | Lair:1   | Reached skill level 10 in Unarmed Combat
 15169 | Lair:1   | XOM: butterfly on damage
 15261 | Lair:1   | XOM: fog
 15370 | Lair:1   | XOM: 1-stop teleportation journey
 15371 | Lair:1   | Noticed a four-headed hydra
 15396 | Lair:1   | Killed a four-headed hydra
 15423 | Lair:1   | XOM: mild Summ miscast
 15532 | Lair:1   | XOM: draining
 15773 | Lair:1   | XOM: god gift: 1280 gold pieces
 15821 | Lair:1   | Learned a level 5 spell: Blade Hands
 15826 | Lair:1   | Learned a level 4 spell: Passage of Golubria
 15934 | Lair:1   | Noticed a seven-headed hydra
 15979 | D:9      | Reached skill level 1 in Translocations
 16042 | D:9      | XOM: harmless Tmut miscast
 16086 | D:9      | XOM: medium Air miscast
 16141 | D:9      | XOM: harmless Pois miscast
 16452 | D:10     | XOM: harmless Pois miscast
 16524 | D:11     | Found a staircase to the Orcish Mines.
 16763 | Orc:1    | Entered Level 1 of the Orcish Mines
 16866 | D:11     | XOM: harmless Tloc miscast
 17203 | D:12     | Found a portal to a secret trove of treasure.
 17330 | D:12     | XOM: silly message
 17646 | D:12     | XOM: god gift: pitted war axe {god gift}
 17752 | D:13     | Reached skill level 5 in Translocations
 17832 | D:13     | XOM: confusion (+ monsters)
 17833 | D:13     | XOM: enchant monster (good)
 17841 | D:13     | XOM: confuse monster(s)
 17851 | D:13     | XOM: summons friendly shadow imp
 17860 | D:13     | XOM: fog
 17870 | D:13     | Killed a vault guard
 18060 | D:12     | XOM: god gift: scale mail {god gift}
 18100 | D:13     | XOM: give mutations
 18100 | D:13     | Lost mutation: You tend to lose your temper in combat. [Xom's grace]
 18100 | D:13     | Gained mutation: Your muscles are strong. (Str +2) [Xom's grace]
 18100 | D:13     | Gained mutation: You have a pair of horns on your head. [Xom's grace]
 18308 | D:13     | XOM: divination: magic mapping
 18380 | D:13     | XOM: enchant monster (good)
 18393 | D:13     | XOM: summons friendly shadow imp
 18455 | D:11     | XOM: give mutations
 18455 | D:11     | Lost mutation: Your muscles are strong. (Str +2) [Xom's mischief]
 18455 | D:11     | Lost mutation: You have a pair of horns on your head. [Xom's mischief]
 18455 | D:11     | Lost mutation: You are partially covered in yellow scales. (AC +2) [Xom's mischief]
 18719 | D:10     | XOM: give mutations
 18719 | D:10     | Gained mutation: You are very frail. (-20% HP) [Xom's mischief]
 18719 | D:10     | Gained mutation: You are clumsy. (Dex -2) [Xom's mischief]
 18719 | D:10     | Lost mutation: Your mind is acute. (Int +2) [Xom's mischief]
 18719 | D:10     | Lost mutation: You are highly resistant to hostile enchantments. (MR++) [Xom's mischief]
 18922 | Lair:1   | XOM: scenery: create altars
 18928 | Lair:1   | Killed a seven-headed hydra
 18934 | Lair:1   | XOM: enchant monster (bad)
 18939 | Lair:1   | XOM: enchant monster (bad)
 18941 | Lair:1   | XOM: noise
 19152 | Lair:1   | XOM: polymorph porcupine -> iguana
 19388 | Lair:1   | XOM: harmless Chrm miscast
 19575 | Lair:2   | Noticed a six-headed hydra
 19576 | Lair:2   | Killed a six-headed hydra
 19640 | Lair:1   | XOM: divination: detect items
 19782 | Lair:2   | XOM: enchant monster (good)
 19867 | Lair:2   | XOM: cleaving
 19868 | Lair:2   | Reached skill level 5 in Transmutations
 19872 | Lair:2   | Found a dark tunnel.
 19883 | Volcano  | Entered a volcano
 20040 | Volcano  | Found a burning altar of Makhleb.
 20040 | Volcano  | Noticed a two-headed ogre
 20040 | Volcano  | Noticed an ogre mage
 20040 | Volcano  | Noticed a two-headed ogre
 20040 | Volcano  | Noticed a two-headed ogre
 20042 | Volcano  | Killed a two-headed ogre
 20042 | Volcano  | Reached XP level 13. HP: 36/46 MP: 14/14
 20044 | Volcano  | XOM: scenery: 3 doors open
 20047 | Volcano  | Noticed a red draconian
 20057 | Volcano  | XOM: fog
 20070 | Volcano  | XOM: divination: detect items
 20072 | Volcano  | Mangled by a red draconian
 20073 | Volcano  | Reached XP level 12. HP: -6/44 MP: 13/13
 20097 | Lair:2   | XOM: 1-stop teleportation journey
 20301 | Lair:2   | XOM: polymorph porcupine -> worm
 20310 | Lair:2   | XOM: harmless Pois miscast
 20527 | Lair:2   | XOM: harmless Fire miscast
 21016 | Lair:2   | XOM: potion effect (invisibility)
 21209 | Lair:3   | XOM: scenery: create altars
 21228 | Lair:3   | XOM: smoke on damage
 21359 | Lair:3   | XOM: polymorph black bear -> naga
 21425 | Lair:3   | XOM: summons friendly shadow imp
 21426 | Lair:3   | XOM: polymorph shadow imp -> iron imp
 21518 | Lair:3   | XOM: polymorph iron imp -> crimson imp
 21556 | Lair:3   | XOM: fog
 21567 | Lair:3   | XOM: confuse monster(s)
 21742 | Lair:3   | XOM: cast spell 'Summon Mana Viper'
 21894 | Lair:3   | XOM: give mutations
 21894 | Lair:3   | Gained mutation: Your muscles are strong. (Str +2) [Xom's grace]
 21894 | Lair:3   | Gained mutation: You are surrounded by a mild repulsion field. (EV +2) [Xom's grace]
 21894 | Lair:3   | Gained mutation: Your muscles are very strong. (Str +4) [Xom's grace]
 21894 | Lair:3   | Gained mutation: You can translocate small distances at will. [Xom's grace]
 21901 | Lair:3   | XOM: enchant monster (good)
 22303 | Lair:3   | XOM: give mutations
 22303 | Lair:3   | Gained mutation: Your mind is acute. (Int +2) [Xom's grace]
 22303 | Lair:3   | Gained mutation: You possess an exceptional clarity of mind. [Xom's grace]
 22303 | Lair:3   | Gained mutation: Your mind is very acute. (Int +4) [Xom's grace]
 22305 | Lair:3   | Found a snail-covered altar of Cheibriados.
 22378 | Lair:3   | XOM: mild Ice miscast
 22410 | Lair:3   | Noticed Snorg
 22441 | Lair:3   | Killed Snorg
 22441 | Lair:3   | Reached skill level 10 in Transmutations
 22596 | Lair:3   | XOM: god gift: ration
 22606 | Lair:3   | Found a hole to the Spider Nest.
 22625 | Lair:3   | Noticed a five-headed hydra
 22643 | Lair:3   | Killed a five-headed hydra
 22688 | Lair:3   | XOM: fake destruction
 23108 | Lair:4   | Noticed a four-headed hydra
 23124 | Lair:4   | Killed a four-headed hydra
 23247 | Lair:4   | Noticed a seven-headed hydra
 23253 | Lair:4   | Killed a seven-headed hydra
 23309 | Lair:4   | XOM: noise
 23316 | Lair:4   | Found a staircase to the Shoals.
 23320 | Lair:4   | Reached XP level 13. HP: 46/46 MP: 9/14
 23569 | Lair:4   | XOM: god gift: scroll of teleportation
 23684 | Lair:4   | XOM: harmless Tloc miscast
 23688 | Lair:4   | XOM: noise
 23838 | Lair:5   | XOM: fake destruction
 23929 | Lair:5   | XOM: divination: detect creatures
 24151 | Lair:5   | XOM: divination: detect creatures
 24180 | Lair:5   | XOM: mild Erth miscast
 24232 | Lair:5   | XOM: enchant monster (good)
 24241 | Lair:5   | XOM: cast spell 'Statue Form'
 24720 | Lair:4   | XOM: harmless Erth miscast
 24849 | Lair:5   | XOM: noise
 24852 | Lair:5   | Reached skill level 10 in Fighting
 25296 | D:11     | XOM: swap monsters
 25394 | D:11     | Reached skill level 1 in Spellcasting
 25394 | D:11     | XOM: scenery: 1 doors close
 25669 | Orc:1    | XOM: summons 13 friendly demons
 25935 | Orc:1    | XOM: give mutation
 25935 | Orc:1    | Lost mutation: You are clumsy. (Dex -2) [Xom's grace]
 26083 | D:11     | XOM: harmless Chrm miscast
 26112 | D:11     | XOM: god gift: phial of floods
 26613 | Orc:2    | Entered Level 2 of the Orcish Mines
 26648 | Orc:2    | Found a staircase to the Elven Halls.
 26897 | Orc:2    | Found a labyrinth entrance.
 26899 | Orc:2    | Found Ryemave's Food Shoppe.
 26906 | Lab      | Entered a labyrinth
 27140 | Lab      | XOM: cloud trail
 27503 | Lab      | XOM: cloud trail
 29017 | Lab      | Noticed a minotaur
 29021 | Lab      | Killed a minotaur
 29023 | Lab      | Got a warped platinum amulet
 29032 | Orc:2    | Identified the amulet of Coemas {Harm *Drain +Blink Dex+5} (You found it in a labyrinth)
 29068 | Orc:2    | XOM: enchant monster (good)
 29131 | Orc:2    | XOM: summons 10 friendly demons
 29134 | Orc:2    | Noticed Nergalle
 29139 | Orc:2    | XOM: divination: magic mapping
 29167 | Orc:2    | XOM: polymorph orc wizard -> river rat
 29170 | Orc:2    | XOM: summons 13 friendly demons
 29247 | Orc:2    | XOM: god gift: glowing plate armour {god gift}
 29486 | Orc:2    | Noticed an orc warlord
 29498 | Orc:2    | Found a roughly hewn altar of Beogh.
 29498 | Orc:2    | XOM: 9-stop teleportation journey
 29609 | Orc:2    | XOM: god gift: wand of iceblast (14)
 29786 | Orc:2    | XOM: enchant monster (good)
 29798 | Orc:2    | XOM: fake destruction
 29809 | Orc:2    | Killed Nergalle
 29812 | Orc:2    | Killed from afar by an orc priest
 29813 | Orc:2    | Reached XP level 12. HP: -5/46 MP: 19/19
 30027 | Orc:2    | Noticed an orc high priest
 30101 | Orc:2    | XOM: give mutation
 30103 | Orc:2    | Found Juaphac's General Store.
 30121 | Orc:2    | XOM: cast spell 'Alistair's Intoxication'
 30125 | Orc:2    | Killed an orc warlord
 30184 | Orc:2    | Killed an orc high priest
 30198 | Orc:2    | Shot with a bolt by an orc knight

Skill      XL: |  1  2  3  4  5  6  7  8  9 10 11 12 13 |
---------------+----------------------------------------+-----
Unarmed Combat | 4 6 7 9 11 | 11.4
Dodging        | 4 9 8 10 14 | 14.4
Stealth        | 6 12 13 14 | 14.3
Fighting       | 5 6 7 8 10 | 10.5
Hexes          | 4 7 9 |  9.5
Translocations | 8 |  8.4
Transmutations | 10 6 | 10.8
Spellcasting   | 4 |  4.5

Action                   |  1- 3 |  4- 6 |  7- 9 | 10-12 | 13-15 || total
-------------------------+-------+-------+-------+-------+-------++-------
Melee: Unarmed           |   108 |   221 |   333 |  1232 |   405 ||  2299
       Bite              |     9 |    22 |    22 |   151 |    32 ||   236
       Punch             |     3 |     1 |     7 |    64 |    20 ||    95
       Headbutt          |       |       |    30 |   285 |    57 ||   372
 Cast: Confusing Touch   |       |       |     6 |   120 |     9 ||   135
       Blade Hands       |       |       |       |     5 |    22 ||    27
       Passage of Golubr |       |       |       |     4 |     1 ||     5
Evoke: Wand              |       |       |       |     1 |     2 ||     3
  Use: Potion            |     1 |     4 |     1 |    10 |     6 ||    22
       Scroll            |       |       |       |    17 |     2 ||    19
 Stab: Sleeping          |     3 |     7 |    13 |    37 |    15 ||    75
       Confused          |       |     2 |     5 |    83 |     4 ||    94
       Paralysed         |       |     1 |       |       |       ||     1
       Petrifying        |       |       |     1 |       |       ||     1
       Distracted        |       |       |     1 |     4 |     1 ||     6
  Eat: Chunk             |     1 |    10 |    11 |    39 |     6 ||    67
       Ration            |       |       |       |       |     4 ||     4
Armor: Skin              |     3 |     6 |    20 |    83 |    14 ||   126
Dodge: Dodged            |    81 |   170 |   284 |  1194 |   441 ||  2170
Block: Other             |       |       |       |   152 |    64 ||   216
